 Dungeon Crawl Stone Soup version 0.14.1-1-g650416f (webtiles) character file.

9197 Heini the Severer (level 11, 0/101 HPs)
             Began as a Hill Orc Fighter on May 1, 2014.
             Was a High Priest of Okawaru.
             Slain by a wolf (6 damage)
             ... led by Grum
             ... on Level 10 of the Dungeon.
             The game lasted 00:32:22 (9131 turns).

Heini the Severer (Hill Orc Fighter)                Turns: 9131, Time: 00:32:22

HP   0/101       AC 15     Str 23      XL: 11   Next: 42%
MP  13/13        EV  8     Int  8      God: Okawaru [*****.]
Gold 26          SH  0     Dex 10      Spells:  0 memorised, 10 levels left

rFire  . . .     SeeInvis .     I - +1,+3 battleaxe
rCold  + . .     Clarity  .     A - +2 chain mail {rC+}
rNeg   . . .     Conserve .     (no shield)
rPois  .         rCorr    +     F - +0 hat
rElec  .         rRot     .     D - +0 cloak
SustAb + .       Spirit   .     (no gloves)
rMut   .         Warding  .     (no boots)
Saprov + . .     Stasis   .     h - amulet of resist corrosion
MR     .....                    t - ring of sustenance
                                j - ring of sustain abilities

@: lethally poisoned, not resistant to hostile enchantments, extremely
unstealthy
A: saprovore 1
a: Heroism, Finesse, Renounce Religion


You were on level 10 of the Dungeon.
You worshipped Okawaru.
Okawaru was extremely pleased with you.
You were not hungry.

You visited 2 branches of the dungeon, and saw 11 of its levels.

You collected 26 gold pieces.

Inventory:

Hand weapons
 a - a +1,+1 war axe
 I - a +1,+3 battleaxe (weapon)
Armour
 p - a +2 plate armour
 A - a +2 chain mail of cold resistance (worn)
 D - a +0 cloak (worn)
 F - a +0 hat (worn)
Magical devices
 i - a wand of heal wounds (6) {unknown}
 w - a wand of frost (7) {unknown}
 G - a wand of magic darts (17) {unknown}
 H - a wand of enslavement (3) {unknown}
 L - a wand of draining (3) {unknown}
 N - a wand of cold (10) {unknown}
Comestibles
 d - 8 meat rations
 g - 4 bread rations
 l - an apple
 m - an apricot
 r - an orange
 v - a choko
 x - a rambutan
 z - a chunk of jackal flesh
 C - 9 grapes
 P - a beef jerky
Scrolls
 b - a scroll of fear
 o - 5 scrolls of teleportation
 s - a scroll of amnesia {unknown}
 u - 9 scrolls of remove curse
 y - a scroll of recharging
 B - a scroll of blinking {unknown}
 E - a scroll of enchant armour
Jewellery
 h - an amulet of resist corrosion (around neck)
 j - a ring of sustain abilities (left hand)
 t - a ring of sustenance (right hand)
Potions
 e - 2 potions of resistance {unknown}
 f - a potion of heal wounds
 n - 4 potions of curing
 q - 2 potions of invisibility
 J - a potion of magic
 K - a potion of agility
 M - 2 potions of restore abilities
Books
 c - a Young Poisoner's Handbook

   Spells                             Type                      Level
   Sting                              Conjuration/Poison           1
   Cure Poison                        Poison                       2
   Mephitic Cloud                     Conjuration/Poison/Air       3
   Olgreb's Toxic Radiance            Poison                       4
   Venom Bolt                         Conjuration/Poison           5
 Q - a book of Air

   Spells                             Type                      Level
   Shock                              Conjuration/Air              1
   Swiftness                          Charms/Air                   2
   Repel Missiles                     Charms/Air                   2
   Flight                             Charms/Air                   3
   Static Discharge                   Conjuration/Air              3
   Lightning Bolt                     Conjuration/Air              5


   Skills:
 * Level 10.9 Fighting
 * Level 15.4 Axes
 * Level 10.2 Armour
   Level 3.2 Shields
 + Level 1.3 Invocations


You had 10 spell levels left.
You didn't know any spells.

Dungeon Overview and Level Annotations

Branches:
Dungeon (10/15)            Temple (1/1) D:5            Lair (0/8) D:10
    Orc: D:9-12

Altars:
Ashenzari
Cheibriados
Dithmenos
Elyvilon
Fedhas
Kikubaaqudgha
Makhleb
Nemelex Xobeh
Okawaru
Sif Muna
Trog
Vehumet
Xom
Yredelemnul
Zin
The Shining One

Shops:
D:7 !

Annotations:
D:9 Maurice
D:10 Grum


Innate Abilities, Weirdness & Mutations

You can tolerate rotten meat.


Message History

* * * LOW HITPOINT WARNING * * *
You hit the wolf.
The wolf is heavily wounded.
The wolf bites you but does no damage. Grum hits you from afar with a halberd!
* * * LOW HITPOINT WARNING * * *
The wolf bites you but does no damage.
You slice the wolf!!
You kill the wolf!
Okawaru accepts your kill.
You feel sick. Grum hits you from afar with a halberd.
* * * LOW HITPOINT WARNING * * *
You slash the wolf!
The wolf is heavily wounded.
The wolf bites you!
* * * LOW HITPOINT WARNING * * *
The wolf bites you but does no damage.
Your chain mail prevents you from hitting the wolf.
The wolf is heavily wounded.
The wolf bites you.
You die...

# ####.# .....#
###### # # ######## #
#......# #
#.####.######### #
#.####.##...@hg# #
#.##......####.......
#.##.#.#### #..#.
###.##.#.## .#
#.........#
###.#.##..#.#
....#.##..#.#
###.#.....#.#
)...#..##.#.##.


You could see Grum and a wolf.

Vanquished Creatures
  Gastronok (D:8)
  Erolcha (D:9)
  Pikel (D:4)
  A wizard (D:10)
  The ghost of timbw the Grappler, an experienced VSMo of Nemelex Xobeh (D:10)
  Grinder (D:3)
  2 trolls
  A two-headed ogre (D:8)
  Prince Ribbit (D:6)
  A deep elf mage (D:6)
  8 yaks (D:9)
  3 wolves (D:10)
  A necrophage (D:3)
  A water moccasin (D:10)
  4 ice beasts
  3 ogres
  3 orc warriors
  A phantom (D:10)
  2 centaurs
  2 sky beasts
  A giant frog (D:10)
  A big kobold (D:9)
  4 scorpions
  3 killer bees (D:8)
  A hippogriff zombie (D:7)
  A jelly (D:9)
  9 wights
  5 hounds
  A goliath beetle (D:6)
  2 crimson imps
  A centaur zombie (D:6)
  4 orc priests
  9 orc wizards
  A giant frog skeleton (D:9)
  3 worker ants
  An iguana (D:6)
  A killer bee zombie (D:3)
  An ogre zombie (D:6)
  2 hound zombies
  8 adders
  3 gnolls (D:5)
  A giant mite (D:6)
  2 shadow imps
  11 worms
  An adder skeleton (D:7)
  An iguana skeleton (D:7)
  A giant eyeball (D:7)
  5 giant geckos
  An ooze (D:2)
  25 orcs
  13 bats
  3 giant cockroaches
  8 goblins
  12 hobgoblins
  14 jackals
  21 kobolds
  4 ball pythons
  5 giant newts
  A goblin zombie (D:5)
  A hobgoblin skeleton (D:4)
  A hobgoblin zombie (D:8)
  A jackal skeleton (D:8)
  A jackal zombie (D:7)
  A kobold zombie (D:6)
  An orc skeleton (D:8)
  7 quokkas
  16 rats
  A rat zombie (D:5)
260 creatures vanquished.

Vanquished Creatures (others)
  A centaur skeleton (D:4)
  An ogre skeleton (D:4)
  2 adders (D:4)
  A worm (D:4)
  A giant gecko (D:4)
  2 orcs (D:4)
  A goblin (D:4)
  A rat (D:4)
10 creatures vanquished.

Grand Total: 270 creatures vanquished

Notes
Turn   | Place    | Note
--------------------------------------------------------------
     0 | D:1      | Heini, the Hill Orc Fighter, began the quest for the Orb.
     0 | D:1      | Reached XP level 1. HP: 19/19 MP: 1/1
   267 | D:1      | Reached XP level 2. HP: 27/27 MP: 2/2
   673 | D:2      | Found a white marble altar of Elyvilon.
   735 | D:2      | Reached skill level 4 in Armour
   766 | D:2      | Reached XP level 3. HP: 15/33 MP: 3/3
  1298 | D:2      | Reached XP level 4. HP: 38/40 MP: 4/4
  1378 | D:2      | Paralysed by a potion of paralysis for 5 turns
  1818 | D:3      | Reached XP level 5. HP: 34/47 MP: 5/5
  1953 | D:3      | Noticed a necrophage
  1966 | D:3      | Killed a necrophage
  1966 | D:3      | Reached skill level 5 in Fighting
  1966 | D:3      | Reached skill level 5 in Axes
  1966 | D:3      | Reached skill level 5 in Armour
  1966 | D:3      | Reached XP level 6. HP: 25/56 MP: 6/6
  2362 | D:3      | Noticed Grinder
  2385 | D:3      | Paralysed by Grinder for 6 turns
  2401 | D:3      | Killed Grinder
  2401 | D:3      | Reached skill level 6 in Axes
  2401 | D:3      | Reached XP level 7. HP: 26/62 MP: 7/7
  2469 | D:3      | Found a burning altar of Makhleb.
  2747 | D:4      | Noticed Pikel
  2770 | D:4      | Killed Pikel
  2770 | D:4      | Reached skill level 8 in Axes
  2770 | D:4      | Reached XP level 8. HP: 28/71 MP: 8/8
  3745 | D:5      | Entered Level 5 of the Dungeon
  3751 | D:5      | Found a staircase to the Ecumenical Temple.
  4368 | D:5      | Reached skill level 9 in Axes
  4943 | D:6      | Reached XP level 9. HP: 63/79 MP: 9/9
  5011 | D:5      | Reached skill level 10 in Axes
  5017 | Temple   | Entered the Ecumenical Temple
  5179 | Temple   | Became a worshipper of Warmaster Okawaru
  5251 | D:6      | Found a glowing silver altar of Zin.
  5557 | D:6      | Noticed Prince Ribbit
  5626 | D:6      | Killed Prince Ribbit
  5818 | D:6      | Found a snail-covered altar of Cheibriados.
  6307 | D:7      | Paralysed by a giant eyeball for 2 turns
  6437 | D:7      | Found Ukainad's Distillery.
  6461 | D:7      | Found a basalt altar of Yredelemnul.
  6462 | D:7      | Noticed a profane servitor
  6466 | D:7      | Found a glowing golden altar of the Shining One.
  6467 | D:7      | Noticed an angel
  6471 | D:7      | Reached skill level 11 in Axes
  6499 | D:7      | Found a bloodstained altar of Trog.
  6706 | D:8      | Acquired Okawaru's first power
  6792 | D:8      | Found a blossoming altar of Fedhas.
  7028 | D:8      | Noticed Gastronok
  7050 | D:8      | Killed Gastronok
  7050 | D:8      | Reached skill level 12 in Axes
  7050 | D:8      | Reached XP level 10. HP: 72/91 MP: 9/11
  7272 | D:8      | Reached skill level 13 in Axes
  7717 | D:9      | Noticed Erolcha
  7726 | D:9      | Killed Erolcha
  7726 | D:9      | Reached skill level 1 in Invocations
  7729 | D:9      | Reached skill level 14 in Axes
  7743 | D:9      | Reached skill level 10 in Fighting
  7747 | D:9      | Reached XP level 11. HP: 35/99 MP: 11/13
  8082 | D:9      | Found a sparkling altar of Nemelex Xobeh.
  8164 | D:9      | Reached skill level 10 in Armour
  8266 | D:9      | Found a bloodstained altar of Trog.
  8379 | D:9      | Acquired Okawaru's second power
  8409 | D:9      | Noticed Maurice
  8549 | D:9      | Found a blossoming altar of Fedhas.
  8687 | D:10     | Entered Level 10 of the Dungeon
  8703 | D:10     | Noticed a wizard
  8709 | D:10     | Paralysed by a wizard for 4 turns
  8744 | D:10     | Found a staircase to the Lair.
  8779 | D:10     | Killed a wizard
  8779 | D:10     | Reached skill level 15 in Axes
  8842 | D:10     | Noticed timbw's ghost (experienced VSMo)
  8846 | D:10     | Received a gift from Okawaru
  8850 | D:10     | Killed timbw's ghost
  8855 | D:10     | Got a transparent helmet {god gift}
  8867 | D:10     | Identified the -4 helmet of the Evening {MR+ Str-2 Dam+3} (Okawaru gifted it to you on level 10 of the Dungeon)
  9097 | D:10     | Noticed Grum
  9130 | D:10     | HP: 5/101 [wolf[Grum] (7)]
  9131 | D:10     | Slain by a wolf

Action                   |  1- 3 |  4- 6 |  7- 9 | 10-12 || total
-------------------------+-------+-------+-------+-------++-------
Melee: War axe           |   153 |   155 |   439 |    39 ||   786
       Hand axe          |       |       |       |    26 ||    26
       Battleaxe         |       |       |       |   184 ||   184
Invok: Heroism           |       |       |     1 |     1 ||     2
  Use: Scroll            |     7 |     1 |     7 |     2 ||    17
       Potion            |       |     9 |     1 |     3 ||    13
